[Event "Early-Titled-Tuesday-Blitz-January-30-2024"]
[Site "Chess.com"]
[Date "2024.01.30"]
[Round "1"]
[White "gm_rashid"]
[Black "wonderfultime"]
[Result "0-1"]
[WhiteElo "2531"]
[BlackElo "3005"]
[TimeControl "180+1"]
[EndTime "8:07:13 PST"]
[Termination "wonderfultime won by resignation"]

1. e4 e5 2. Nf3 Nc6 3. Bb5 a6 4. Ba4 Bc5 5. O-O Nge7 6. c3 Ng6 7.
d4 Ba7 8. Re1 O-O 9. Bb3 d6 10.
h3 h6 11. Be3 Qf6 12. Bd5 Re8 13. Na3 exd4 14. Nxd4 Nce7 15. Bb3 Nf4 16. Bxf4 Qxf4 17. Qf3 Ng6 18. Qxf4 Nxf4 19. Nc4 Nd3 20. Re2 Bd7 21. a4 b5 22. Na5 Bb6 23. Nac6 Nc5 24. Bd5 bxa4 25. Ne7+ Kf8 26. Bxa8 Rxa8 27. Nd5 Rb8 28. Nxb6 Rxb6 29. f4 Nd3 30. g3 Nxb2 31. e5 dxe5 32. fxe5 Nc4 33. Rae1 a3 34. e6 fxe6 35. Nxe6+ Kg8 36. Re4 a2 37. Nc5 Rb1 0-1

[Event "Early-Titled-Tuesday-Blitz-January-30-2024"]
[Site "Chess.com"]
[Date "2024.01.30"]
[Round "1"]
[White "MatthewG-p4p"]
[Black "WPWPWP-2015"]
[Result "1-0"]
[WhiteElo "2874"]
[BlackElo "2486"]
[TimeControl "180+1"]
[EndTime "8:07:13 PST"]
[Termination "MatthewG-p4p won on time"]

1. e4 e5 2. Nf3 Nc6 3. d4 exd4 4. c3 d3 5. Bxd3 d6 6. O-O Nf6 7. Re1 Be7 8. h3 O-O 9. Bg5 h6 10. Bh4 Ne5 11. Bc2 Re8 12. Nbd2 c6 13. Nxe5 dxe5 14. Nc4 Qc7 15. Bg3 Nd7 16. Qh5 Bf6 17. Rad1 Re6 18. Ne3 Bg5 19. Bb3 Nf6 20. Qf3 Re8 21. Nf5 Be6 22.
h4 Bf4 23. Bxf4 exf4 24. Nd6 Bg4 25. Qxf4 Bxd1 26. Bxf7+ Kh8 27. Bxe8 Rxe8 28. Rxd1 Rxe4 29. Qf5 Re2 30. Qg6 Kg8 31. Nf5 Qf7 32. Nxh6+ 1-0

[Event "Early-Titled-Tuesday-Blitz-January-30-2024"]
[Site "Chess.com"]
[Date "2024.01.30"]
[Round "1"]
[White "Smile2005"]
[Black "Hovik_Hayrapetyan"]
[Result "1-0"]
[WhiteElo "2463"]
[BlackElo "2783"]
[TimeControl "180+1"]
[EndTime "8:07:13 PST"]
[Termination "Smile2005 won by resignation"]

1. e4 c5 2. Nf3 d6 3. d4 cxd4 4. Nxd4 Nf6 5. f3 e5 6. Nb3 d5 7. Bg5 d4 8. c3 Nc6 9. cxd4 exd4 10. Bb5 Bb4+ 11. Bd2 Be7 12. O-O O-O 13. Kh1 a6 14.
Bxc6 bxc6 15. Ba5 Qe8 16. Qxd4 c5 17. Qf2 c4 18. Nd4 Bc5 19. Bc3 Qd8 20. Na3 Bxa3 21. bxa3 Qc7 22. Rfd1 Bd7 23. g3 Rac8 24. Kg2 Rfe8 25.
Re1 h5 26. Rad1 Ba4 27. Rd2 Bd7 28. Rde2 Nh7 29. h4 Nf8 30. Qe3 Ne6 31. Nf5 Qc5 32. Qxc5 Rxc5 33. Rd2 Bb5 34. Red1 Ba4 35. Rb1 g6 36.
Nd6 Rd8 37. Rb6 Bb5 38. Bf6 Rc6 39. Rxc6 Rd7 40. Rc8+ 1-0

[Event "Early-Titled-Tuesday-Blitz-January-30-2024"]
[Site "Chess.com"]
[Date "2024.01.30"]
[Round "1"]
[White "Jojo_898"]
[Black "ShiroglanTalibov"]
[Result "0-1"]
[WhiteElo "2437"]
[BlackElo "2790"]
[TimeControl "180+1"]
[EndTime "8:07:13 PST"]
[Termination "ShiroglanTalibov won by resignation"]

1. e4 c5 2. Nf3 e6 3. c3 d5 4. exd5 Qxd5 5. d4 Nf6 6. Be2 Be7 7. Be3 Nbd7 8. O-O O-O 9. c4 Qc6 10. Nc3 b6 11. d5 exd5 12. cxd5 Qc7 13. Qd2 a6 14.
Nh4 Ne5 15. Rfd1 Rd8 16. Bf4 Bd6 17. Bg3 Ng6 18. Nxg6 hxg6 19. Bxd6 Qxd6 20. Bf3 Bf5 21. Qg5 b5 22. Ne2 c4 23. Ng3 Bd3 24. h4 Nxd5 25. h5 Qf6 26. Qxf6 gxf6 27. Re1 Ra7 28. Bxd5 Rxd5 29. Re8+ Kg7 30. Rae1 gxh5 31. Rc8 Re5 32.
Rxe5 fxe5 33. Nxh5+ Kg6 34. Ng3 f5 35. Re8 f4 36.
Nf1 Kf6 37. g3 Rd7 38. gxf4 exf4 39. Rf8+ Rf7 40. Ra8 Rg7+ 41. Kh2 Bxf1 42. Rxa6+ Ke5 43. Rb6 c3 44. Rxb5+ Bxb5 0-1

[Event "Early-Titled-Tuesday-Blitz-January-30-2024"]
[Site "Chess.com"]
[Date "2024.01.30"]
[Round "1"]
[White "RichardLeyvaP"]
[Black "snowlord"]
[Result "1/2-1/2"]
[WhiteElo "2491"]
[BlackElo "2859"]
[TimeControl "180+1"]
[EndTime "8:07:14 PST"]
[Termination "Game drawn - insufficient material"]

1. e4 c6 2. d4 d5 3. e5 Bf5 4.
Nc3 h5 5. Bd3 Bxd3 6. Qxd3 e6 7.
Nf3 Ne7 8. O-O Nf5 9. Ne2 c5 10. c4 Nc6 11. dxc5 Nb4 12. Qb3 Bxc5 13. a3 dxc4 14.
Qxc4 Qd5 15. Qb5+ Qc6 16. Qxc6+ Nxc6 17. b4 Bb6 18. Bb2 Nce7 19. Nf4 h4 20. Rfd1 O-O 21. Rd7 Rfd8 22. Rad1 Rxd7 23. Rxd7 Rc8 24. g4 hxg3 25.
hxg3 Rc2 26. Bd4 Bxd4 27. Nxd4 Rd2 28. Rd8+ Kh7 29. Ndxe6 Rxd8 30. Nxd8 Nc6 31. Nxf7 Kg8 32. Nd6 Nfd4 33. Nxb7 Nxe5 34. Kg2 Nc4 35. a4 Nc2 36. Nd3 Kf7 37. Kf3 Ke6 38. Ke4 Nd2+ 39. Kf4 Kd5 40. Kg5 Kc4 41. Nbc5 Nxb4 42. Nxb4 Kxb4 43. Ne6 Ne4+ 44. Kg6 Nxf2 45. Kxg7 Kxa4 46. Kf6 a5 47. Kf5 Kb3 48. Nd4+ Kc4 49. Nc2 Kc3 50. Na3 Kb3 51.
Nb5 a4 52. g4 Kb4 53. Nd4 Nh3 54. g5 Nxg5 55. Kxg5 Kc4 56. Nc2 Kc3 57. Na3 Kb3 58. Nb5 a3 59. Nxa3 1/2-1/2

[Event "Early-Titled-Tuesday-Blitz-January-30-2024"]
[Site "Chess.com"]
[Date "2024.01.30"]
[Round "1"]
[White "VeraVujovic"]
[Black "KononenkoD"]
[Result "1-0"]
[WhiteElo "2248"]
[BlackElo "2583"]
[TimeControl "180+1"]
[EndTime "8:07:15 PST"]
[Termination "VeraVujovic won by checkmate"]

1. e4 d5 2. exd5 Qxd5 3. d4 Nf6 4. Nf3 Bg4 5. Nc3 Qa5 6. Be2 Nc6 7. O-O O-O-O 8. Ng5 Rxd4 9. Bxg4+ Nxg4 10. Qe2 Qf5 11. Be3 e6 12. Bxd4 Nxd4 13. Qe4 Qxg5 14. Qxd4 Bd6 15. h3 Nh2 16. f4 Qg3 17. Ne4 Qg6 18.
Nxd6+ cxd6 19. Kxh2 d5 20. Qxa7 Rd8 21. Qa8+ Kc7 22.
Qa5+ Kc8 23. Qc5+ Kb8 24. a4 Rc8 25. Qd6+ Ka8 26. f5 Qg5 27. Qg3 Qh6 28. fxe6 fxe6 29.
c3 d4 30. a5 dxc3 31. bxc3 e5 32. a6 bxa6 33. Qf3+ Ka7 34. Qf7+ Ka8 35. Qd5+ Ka7 36. Rf7+ Kb6 37. Rb1# 1-0

[Event "Early-Titled-Tuesday-Blitz-January-30-2024"]
[Site "Chess.com"]
[Date "2024.01.30"]
[Round "1"]
[White "AsterPhoenix"]
[Black "SoyuzTM4"]
[Result "1-0"]
[WhiteElo "2587"]
[BlackElo "2203"]
[TimeControl "180+1"]
[EndTime "8:07:15 PST"]
[Termination "AsterPhoenix won on time"]

1. e4 c5 2. Nf3 d6 3. Bb5+ Bd7 4. Bxd7+ Nxd7 5. O-O Ngf6 6. Re1 g6 7. c3 Bg7 8. d4 O-O 9. e5 Ne8 10. e6 fxe6 11.
Ng5 Nc7 12. Nxe6 Nxe6 13. Rxe6 Rc8 14. d5 Nf6 15. c4 b5 16. cxb5 c4 17. Nc3 Kh8 18.
Be3 Qd7 19. h3 Rb8 20. a4 Rb7 21.
Bd4 Ne8 22. Qd2 Bf6 23. Rae1 Ng7 24. R6e4 Nf5 25. Bxf6+ exf6 26. Rxc4 Re8 27. a5 Re5 28. Rxe5 fxe5 29. Qg5 Nd4 30. Qf6+ Kg8 31. Ne4 Rxb5 32.
Nxd6 Rb8 33. Qxe5 Nb5 34. Nxb5 Qxb5 35. Rc7 1-0

[Event "Early-Titled-Tuesday-Blitz-January-30-2024"]
[Site "Chess.com"]
[Date "2024.01.30"]
[Round "1"]
[White "HansOnTwitch"]
[Black "Zq1"]
[Result "1-0"]
[WhiteElo "3202"]
[BlackElo "2549"]
[TimeControl "180+1"]
[EndTime "8:07:18 PST"]
[Termination "HansOnTwitch won on time"]

1. d4 Nf6 2. c4 a6 3. Nc3 c5 4. d5 b5 5. Qc2 d6 6. e4 b4 7.
Nd1 g6 8. Nf3 Bg7 9. h3 O-O 10.
Bd3 a5 11. O-O a4 12. Rb1 e6 13. Bf4 exd5 14. exd5 Re8 15. Ne3 b3 16. axb3 Na6 17.
bxa4 Nb4 18. Qd1 Nxd3 19. Qxd3 Rxa4 20. b3 Ra2 21. Nd2 Nh5 22. Bh2 f5 23. Rfe1 Bd4 24. Nf3 Bf6 25. b4 cxb4 26. Qb3 Ra6 27. Qxb4 f4 28.
Ng4 Rxe1+ 29. Rxe1 Bg7 30. Qb5 Qd7 31. Qb3 Qb7 32. Qxb7 Bxb7 33. Kh1 Ra8 34. Re7 Ba6 35. Rc7 Rc8 36. Rc6 Bb7 37. Rb6 Rc7 38. Ng5 Bc8 39. Rc6 Rxc6 40. dxc6 Bd4 41. Ne4 Bc5 42. Ngf6+ Nxf6 43.
Nxf6+ Kf7 44. Ne4 Ba6 45. c7 Ke7 46. Bxf4 1-0

[Event "Early-Titled-Tuesday-Blitz-January-30-2024"]
[Site "Chess.com"]
[Date "2024.01.30"]
[Round "1"]
[White "Andreikka"]
[Black "ProChessWICTH"]
[Result "1/2-1/2"]
[WhiteElo "2984"]
[BlackElo "2537"]
[TimeControl "180+1"]
[EndTime "8:07:18 PST"]
[Termination "Game drawn - insufficient material"]

1. Nf3 Nf6 2. b3 g6 3. Bb2 Bg7 4. g3 O-O 5. Bg2 d5 6. c4 c6 7.
d3 Nbd7 8. O-O Re8 9. Nc3 e5 10. cxd5 cxd5 11. Rc1 a6 12. Na4 d4 13. Nd2 Rb8 14. Ba3 b5 15. Nc5 Nxc5 16. Bxc5 Bb7 17. Ne4 Nxe4 18. Bxe4 Bxe4 19. dxe4 Rc8 20. Qd3 Re6 21.
b4 Rec6 22. e3 Bf8 23. exd4 Bxc5 24. bxc5 Qxd4 25. Qxd4 exd4 26. Rfd1 Rxc5 27. Rxc5 Rxc5 28. Rxd4 a5 29. a3 Rc3 30. Rd5 Rb3 31. h4 a4 32. Kg2 h5 33. f3 Kf8 34. g4 hxg4 35.
fxg4 Kg7 36. Kf2 Rxa3 37. Rxb5 Rh3 38. h5 gxh5 39. gxh5 Kh6 40. Ra5 a3 41. Kg2 Rxh5 42. Rxa3 Re5 43. Kf3 f5 44. Kf4 Rxe4+ 45. Kxf5 Re1 46.
Ra6+ Kg7 47. Re6 Rxe6 48. Kxe6 1/2-1/2

[Event "Early-Titled-Tuesday-Blitz-January-30-2024"]
[Site "Chess.com"]
[Date "2024.01.30"]
[Round "1"]
[White "Zhigalko_Sergei"]
[Black "AwareIdea"]
[Result "1-0"]
[WhiteElo "2964"]
[BlackElo "2517"]
[TimeControl "180+1"]
[EndTime "8:07:18 PST"]
[Termination "Zhigalko_Sergei won by resignation"]

1. e4 e5 2. Nf3 Nc6 3. Bc4 Bc5 4. b4 Bxb4 5. c3 Ba5 6. d4 exd4 7. O-O Nf6 8. Ba3 d5 9. exd5 Nxd5 10. Re1+ Be6 11. Qb3 Nce7 12. Nxd4 c6 13. Nxe6 fxe6 14. Rxe6 O-O 15. Rxe7 Bb6 16. Re2 Rxf2 17. Rxf2 Bxf2+ 18. Kh1 Bb6 19. Nd2 Kh8 20. Bxd5 cxd5 21. Nf3 Rc8 22. h3 Rc4 23. Rd1 Qc7 24. Rd3 h6 25. Bb2 Qf7 26.
Qd1 Rc5 27. Bc1 Bc7 28. Be3 Ra5 29. c4 dxc4 30. Rd7 Qe8 31. Bxh6 Be5 32. Rd8 Qxd8 33. Qxd8+ Kh7 1-0

[Event "Early-Titled-Tuesday-Blitz-January-30-2024"]
[Site "Chess.com"]
[Date "2024.01.30"]
[Round "1"]
[White "SergioMoralesG"]
[Black "Iball95"]
[Result "0-1"]
[WhiteElo "2431"]
[BlackElo "2780"]
[TimeControl "180+1"]
[EndTime "8:07:19 PST"]
[Termination "Iball95 won on time"]

1. d4 d5 2. c4 e6 3. Nf3 Nf6 4. Nc3 c5 5. e3 Nc6 6. cxd5 exd5 7. Bb5 cxd4 8. Nxd4 Bd7 9. O-O Bd6 10. h3 O-O 11.
b3 Re8 12. Bb2 Rc8 13. Rc1 Qe7 14. Nce2 Ne4 15. Nxc6 bxc6 16. Ba6 Rb8 17. Qd4 Qg5 18. Nf4 Be5 19. Qxa7 Bxb2 20. Qxd7 Bxc1 21. Rxc1 Qe5 22. Qxc6 Nxf2 23. Qc3 Qxc3 24. Rxc3 Nd1 25. Rd3 Nxe3 26. Kf2 Nc2 27. Nxd5 Kf8 28. Bc4 Na3 29. Ba6 Re6 30. Nc7 Re7 31. Nd5 Ra7 32. Bc4 Nxc4 33.
bxc4 Rxa2+ 34. Kf3 Rc2 35. Rd4 h5 36. Kf4 Rxg2 37. Ke5 Rc2 0-1

[Event "Early-Titled-Tuesday-Blitz-January-30-2024"]
[Site "Chess.com"]
[Date "2024.01.30"]
[Round "1"]
[White "Andrey_Klymchuk"]
[Black "SabinaFoisor"]
[Result "1-0"]
[WhiteElo "2717"]
[BlackElo "2392"]
[TimeControl "180+1"]
[EndTime "8:07:21 PST"]
[Termination "Andrey_Klymchuk won by resignation"]

1. e4 c6 2. d4 d5 3. e5 Bf5 4.
Nc3 e6 5. g4 Bg6 6. Nge2 c5 7.
h4 h6 8. Bg2 Nc6 9. f4 cxd4 10.
Nxd4 Bc5 11. Be3 Nxd4 12. Bxd4 Bxd4 13. Qxd4 Ne7 14. O-O-O a6 15. f5 exf5 16. Nxd5 O-O 17. Qf4 Nxd5 18. Bxd5 Qc8 19. h5 Bh7 20. g5 hxg5 21.
Qxg5 f4 22. Bb3 Qf5 23. Qe7 Rac8 24. Rd2 Rfe8 25. Qxb7 Rb8 26. Qd5 Rxe5 27. Qd6 Rbe8 28. h6 Re1+ 29. Rd1 Rxh1 30. Rxh1 Qe5 31. Qd2 Qe3 32.
hxg7 Kxg7 33. Rf1 f3 34. Bc4 Qxd2+ 35. Kxd2 Be4 36. Bxa6 f5 37. a4 f4 38. Bd3 Bb7 39. a5 Rh8 40. Rf2 Kf6 41. b4 Rg8 42. b5 Rg2 43.
Ke1 Ke5 44. a6 Ba8 45. b6 Rg1+ 46. Rf1 Rg2 47. b7 Bxb7 48. axb7 Rg8 49. Rxf3 Rb8 50.
Ba6 Ke4 51. Rc3 1-0

[Event "Early-Titled-Tuesday-Blitz-January-30-2024"]
[Site "Chess.com"]
[Date "2024.01.30"]
[Round "1"]
[White "VincentKeymer"]
[Black "tandaleo"]
[Result "1-0"]
[WhiteElo "3071"]
[BlackElo "2538"]
[TimeControl "180+1"]
[EndTime "8:07:22 PST"]
[Termination "VincentKeymer won by resignation"]

1. a3 e5 2. c4 Nf6 3. d3 Nc6 4. Nf3 Be7 5. e4 d6 6. Be2 a5 7. O-O O-O 8. h3 Nd7 9. Nc3 Nc5 10. Rb1 Ne6 11. Nb5 Na7 12. Nc3 Nc6 13. Be3 h6 14. Nd5 Bg5 15. Qd2 Bxe3 16. fxe3 Ne7 17. Nc3 Ng6 18. Rf2 Ng5 19. Rbf1 Nxf3+ 20. Bxf3 Be6 21.
b3 c6 22. d4 a4 23. Bh5 Qh4 24. Bxg6 fxg6 25. Rxf8+ Rxf8 26. Rxf8+ Kxf8 27. dxe5 dxe5 28. Nxa4 Kg8 29. Nc5 Bxh3 30. gxh3 Qg3+ 31. Kf1 Qxh3+ 32. Ke2 h5 33. Qd8+ Kh7 34. Nd3 Qg4+ 35. Kd2 Qxe4 36. Qg5 b5 37. Nxe5 bxc4 38. bxc4 Qb1 39. Qxg6+ Qxg6 40. Nxg6 Kxg6 41. a4 h4 42. Ke2 Kf5 43. a5 1-0

[Event "Early-Titled-Tuesday-Blitz-January-30-2024"]
[Site "Chess.com"]
[Date "2024.01.30"]
[Round "1"]
[White "Kostya0705"]
[Black "Grischuk"]
[Result "1-0"]
[WhiteElo "2558"]
[BlackElo "3077"]
[TimeControl "180+1"]
[EndTime "8:07:23 PST"]
[Termination "Kostya0705 won on time"]

1. e4 e5 2. Nf3 Nc6 3. Bc4 Bc5 4. c3 Nf6 5. d4 exd4 6. b4 Bb6 7. e5 Ne4 8. Bd5 Nxc3 9. Nxc3 dxc3 10. Bg5 Ne7 11.
O-O h6 12. Bh4 c2 13. Qd3 g5 14. Nxg5 hxg5 15. Bxg5 d6 16. Qb3 Rf8 17. Rae1 dxe5 18. Rxe5 f6 19. Qf3 Qd6 20. Qh5+ Kd8 21. Qh6 Nxd5 22.
Rxd5 Qxd5 23. Qxf8+ Kd7 24. Re1 Kc6 25. Qxf6+ Kb5 26.
Re5 c6 27. Rxd5+ cxd5 28. Qc3 Bf5 29. Qb3 Be4 30. Kf1 Rc8 31. a4+ Kc6 32. f3 Bh7 33. Ke2 1-0

[Event "Early-Titled-Tuesday-Blitz-January-30-2024"]
[Site "Chess.com"]
[Date "2024.01.30"]
[Round "1"]
[White "jjlai1111"]
[Black "Bilan_Danila"]
[Result "0-1"]
[WhiteElo "2284"]
[BlackElo "2620"]
[TimeControl "180+1"]
[EndTime "8:07:23 PST"]
[Termination "Bilan_Danila won by resignation"]

1. d4 d5 2. c4 e6 3. Nc3 c6 4.
e3 f5 5. Nf3 Nf6 6. Bd2 Bd6 7. c5 Bc7 8. b4 a6 9. a4 O-O 10. Bd3 Nbd7 11. b5 axb5 12. axb5 Rxa1 13. Qxa1 Ne4 14. bxc6 bxc6 15. Qa4 Bb7 16. O-O Qa8 17.
Ra1 e5 18. Rb1 Nxc3 19. Qxa8 Bxa8 20. Bxc3 e4 21. Be2 exf3 22. Bxf3 Rb8 23. Ra1 Nf6 24. g3 Ne4 25. Ba5 Bxa5 26. Rxa5 Bb7 27. Ra7 Kf8 28. Bd1 Ke8 29. Ba4 Kd7 30. Bc2 Kc7 31. f3 Nd2 32. Bxf5 Nxf3+ 33. Kf2 Ng5 34.
Bd3 Ra8 35. Rxa8 Bxa8 36. h4 Ne4+ 37. Kf3 Nf6 38. g4 h6 39. g5 hxg5 40. hxg5 Ne8 41. Kg4 Kd7 42. Kf5 Bb7 43. Kg6 Ke7 44. e4 Bc8 45. exd5 cxd5 46. Bb5 Nc7 47. Bd3 Ne6 48.
Bc2 Nxd4 49. Bd1 Ne6 50. Bf3 d4 51. Be4 Nxc5 0-1

[Event "Early-Titled-Tuesday-Blitz-January-30-2024"]
[Site "Chess.com"]
[Date "2024.01.30"]
[Round "1"]
[White "bulletteemo"]
[Black "OparinGrigoriy"]
[Result "0-1"]
[WhiteElo "2532"]
[BlackElo "3008"]
[TimeControl "180+1"]
[EndTime "8:07:24 PST"]
[Termination "OparinGrigoriy won by resignation"]

1. e4 d6 2. d4 g6 3. Nc3 a6 4. Be3 b5 5. Nf3 Bb7 6. Bd3 Nd7 7. a4 b4 8. Ne2 Bg7 9. h4 Ngf6 10.
Ng3 Ng4 11. Bd2 c5 12. c3 h5 13. a5 O-O 14. O-O e6 15. Bf4 e5 16. Bg5 Qc7 17.
dxc5 bxc3 18. cxd6 Qxd6 19. bxc3 Nc5 20. Bc2 Qc7 21. Qe2 Ne6 22. Rab1 Rab8 23. Rfc1 Qxa5 24. Bb3 Nf4 25. Qa2 Qc5 26. Rf1 a5 27. Rbd1 Ba6 28.
c4 Qb4 29. Rb1 Qc5 30. Bxf4 exf4 31. Ne2 Rfe8 32. Nxf4 Rxe4 33. Nd3 Qc7 34. Rfe1 Bb7 35.
c5 Rxe1+ 36. Ndxe1 Be4 37. Bc4 Rxb1 0-1

[Event "Early-Titled-Tuesday-Blitz-January-30-2024"]
[Site "Chess.com"]
[Date "2024.01.30"]
[Round "1"]
[White "Muslim_player_05"]
[Black "rasmussvane"]
[Result "0-1"]
[WhiteElo "2520"]
[BlackElo "2974"]
[TimeControl "180+1"]
[EndTime "8:07:24 PST"]
[Termination "rasmussvane won on time"]

1. d4 Nf6 2. c4 e6 3. Nc3 Bb4 4. e3 O-O 5. Bd3 d5 6. Nf3 dxc4 7. Bxc4 c5 8. O-O Nc6 9. a3 Ba5 10. Bd3 h6 11. Rb1 Qe7 12. Qe2 Rd8 13. Rd1 a6 14.
dxc5 Bxc3 15. bxc3 Qxc5 16. Bb2 e5 17. Bc2 Be6 18. a4 Na5 19. Ba1 Bc4 20. Qe1 b6 21. Rxd8+ Rxd8 22. h3 Rd7 23. Nd2 Bd3 24. Bxd3 Rxd3 25.
Rb4 Nc6 26. Rb1 Na5 27. Rb4 Qd6 28. Nf1 Rd1 29. Qe2 Rxa1 30. Qxa6 Nd5 31. Rb5 Kh7 32.
Rxa5 Nxc3 0-1

[Event "Early-Titled-Tuesday-Blitz-January-30-2024"]
[Site "Chess.com"]
[Date "2024.01.30"]
[Round "1"]
[White "Alexander_Donchenko"]
[Black "bilosuvenosu06"]
[Result "1-0"]
[WhiteElo "2940"]
[BlackElo "2510"]
[TimeControl "180+1"]
[EndTime "8:07:24 PST"]
[Termination "Alexander_Donchenko won by resignation"]

1. Nf3 d5 2. g3 Nf6 3. Bg2 e6 4. O-O Be7 5. c4 O-O 6. d4 Nbd7 7. Qc2 c6 8. Nbd2 b6 9. e4 Bb7 10. e5 Ne8 11. cxd5 cxd5 12. Re1 b5 13. Nf1 Rc8 14.
Qd1 Nb6 15. h4 Qc7 16. Ne3 Nc4 17. Ng4 a5 18. h5 Nb6 19. h6 g6 20. Bf1 b4 21. Bg5 Bxg5 22. Nxg5 Qc2 23. Rc1 Qxd1 24.
Rexd1 Bc6 25. Ba6 Rc7 26. Rc5 Na4 27. Rc2 Nc3 28. bxc3 Ba4 29. Bd3 Bxc2 30. Bxc2 Rxc3 31. Ba4 f5 32. Bxe8 fxg4 33. Bd7 Rc2 34. Bxe6+ Kh8 35. Nf7+ Kg8 36. Bxd5 Rxf7 37. Bb3 Rxf2 38. e6 Re7 39. Kxf2 Kf8 40. d5 Ra7 41. d6 Ra6 42. e7+ Ke8 43.
Ba4+ Kf7 44. e8=Q+ 1-0

[Event "Early-Titled-Tuesday-Blitz-January-30-2024"]
[Site "Chess.com"]
[Date "2024.01.30"]
[Round "1"]
[White "Hananmo"]
[Black "TigrVShlyape"]
[Result "1/2-1/2"]
[WhiteElo "2516"]
[BlackElo "2927"]
[TimeControl "180+1"]
[EndTime "8:07:24 PST"]
[Termination "Game drawn by repetition"]

1. Nf3 d5 2. g3 Nf6 3. Bg2 c6 4.
O-O Bf5 5. d4 e6 6. Bf4 Nbd7 7.
c4 dxc4 8. a4 a5 9. Na3 Nb6 10.
Ne5 Bd6 11. Naxc4 Nxc4 12. Nxc4 Bxf4 13. gxf4 O-O 14. e3 Be4 15. Bxe4 Nxe4 16. Qb3 Qd5 17. Qd3 Nc5 18. Qe2 Nd7 19. Rfc1 Rfd8 20. Ne5 Nxe5 21. fxe5 b6 22. Qc4 c5 23. dxc5 bxc5 24. Qxc5 Qf3 25.
Qc6 Qf5 26. Qc7 h5 27. Rc4 g5 28. Qc6 Rab8 29. b4 Rd2 30. Rf1 axb4 31. Qc7 Rbd8 32.
Rxb4 Rd1 33. Rb1 Qg4+ 34. Kh1 Qe4+ 35. Kg1 Qg4+ 36. Kh1 Qf3+ 37. Kg1 Qg4+ 1/2-1/2

[Event "Early-Titled-Tuesday-Blitz-January-30-2024"]
[Site "Chess.com"]
[Date "2024.01.30"]
[Round "1"]
[White "NelsonLinda"]
[Black "yuriydovzik"]
[Result "1-0"]
[WhiteElo "2592"]
[BlackElo "2220"]
[TimeControl "180+1"]
[EndTime "8:07:24 PST"]
[Termination "NelsonLinda won on time"]

1. b3 a5 2. a3 b6 3. Bb2 Bb7 4.
e3 d6 5. d4 Nd7 6. Nf3 e6 7. Bb5 Nf6 8. O-O Be7 9. Nbd2 O-O 10. Re1 c6 11. Bd3 c5 12. c4 Qc7 13. Rc1 Bc6 14. e4 e5 15. dxe5 dxe5 16. Nb1 Rfe8 17. Nc3 Bd6 18. Nd5 Bxd5 19. cxd5 Nh5 20. Bb5 Re7 21.
Nh4 g6 22. Rc2 Ng7 23. Bc1 f6 24. Nf3 g5 25. Nd2 Nf8 26. Nc4 Ng6 27. Be3 Nf4 28.
g3 Ng6 29. b4 axb4 30. a4 Qd8 31.
Qb1 Rea7 32. Qb3 h5 33. Ra1 h4 34. Bc6 1-0

[Event "Early-Titled-Tuesday-Blitz-January-30-2024"]
[Site "Chess.com"]
[Date "2024.01.30"]
[Round "1"]
[White "zverr1"]
[Black "artooon"]
[Result "0-1"]
[WhiteElo "2530"]
[BlackElo "2998"]
[TimeControl "180+1"]
[EndTime "8:07:25 PST"]
[Termination "artooon won by checkmate"]

1. e4 e5 2. Nf3 Nc6 3. Bc4 Nf6 4. Ng5 d5 5. exd5 b5 6. Bf1 Nd4 7. c3 Nxd5 8. cxd4 Qxg5 9. Bxb5+ Kd8 10. O-O Bb7 11. Qf3 Rb8 12. dxe5 Ne3 13. Qh3 Qxg2+ 14. Qxg2 Nxg2 15. d4 Be7 16. f4 Nh4 17. Be2 Bc8 18. Nc3 Rb6 19. Kf2 Nf5 20. Ne4 Rh6 21. Kg1 Bb7 22. Bf3 Rg6+ 23. Kh1 Nh4 24. Nd2 Nxf3 25.
Nxf3 f5 26. Be3 Bd5 27. b3 Kd7 28. Rad1 Rg4 29. Rd2 g5 30. fxg5 f4 31. Bg1 Rxg5 32.
Rg2 Rh5 33. Nd2 Rf8 34. Rf3 Bxf3 35. Nxf3 Rh3 36. Rf2 Rg8 37. Rf1 Ke6 38. d5+ Kxd5 39. Bxa7 Ra8 40. Kg2 Rxf3 41. Rxf3 Rxa7 42. Rxf4 Rxa2+ 43. Kg3 Ke6 44. Re4 c5 45. Re3 Ra3 46. Kf3 Ra1 47.
h3 Rg1 48. Ke4 Rg5 49. Kf4 Rf5+ 50. Kg4 Rxe5 51. Rc3 Re4+ 52. Kg3 Ke5 53. Rf3 Bh4+ 54. Kg2 Re2+ 55. Kg1 Rb2 56. Rf7 h6 57. Rh7 Bg5 58. Rb7 Kd4 59. Rb5 Be3+ 60. Kf1 Ke4 61. h4 Kf3 62. Rxc5 Rb1+ 63. Rc1 Rxc1# 0-1

[Event "Early-Titled-Tuesday-Blitz-January-30-2024"]
[Site "Chess.com"]
[Date "2024.01.30"]
[Round "1"]
[White "DmitriiZakurdaev"]
[Black "SchmakAttack"]
[Result "0-1"]
[WhiteElo "2399"]
[BlackElo "2740"]
[TimeControl "180+1"]
[EndTime "8:07:25 PST"]
[Termination "SchmakAttack won on time"]

1. d4 Nf6 2. c4 e6 3. Nf3 d5 4.
Nc3 Nbd7 5. Bf4 Bb4 6. e3 c5 7. a3 Bxc3+ 8. bxc3 Qa5 9. Qb3 O-O 10. Nd2 b6 11.
Bd3 Ba6 12. O-O Rac8 13. Rfd1 Nh5 14. Bd6 Rfe8 15. Nf3 Rc6 16. cxd5 Rxd6 17. Bxa6 Qxa6 18. dxe6 Rdxe6 19. Ng5 R6e7 20. Qd5 Nhf6 21. Qf3 h6 22. Nh3 Qa5 23. c4 cxd4 24. Rxd4 Nc5 25. Rad1 Qxa3 26.
Nf4 Nce4 27. Nd5 Nxd5 28. cxd5 Nd6 29. Rg4 Qb3 30. Rc1 Re4 31. Rg3 Qxd5 32. h3 Qe6 33.
Rc6 Rc4 0-1

[Event "Early-Titled-Tuesday-Blitz-January-30-2024"]
[Site "Chess.com"]
[Date "2024.01.30"]
[Round "1"]
[White "MightyGMpretender"]
[Black "Savagelittlemole"]
[Result "1-0"]
[WhiteElo "2843"]
[BlackElo "2469"]
[TimeControl "180+1"]
[EndTime "8:07:28 PST"]
[Termination "MightyGMpretender won by resignation"]

1. Nf3 Nf6 2. c4 g6 3. Nc3 Bg7 4. e4 d6 5. d4 O-O 6. h3 Nbd7 7. Be3 e5 8. d5 Nc5 9. Nd2 a5 10. g4 c6 11. Qc2 Kh8 12. Be2 Ng8 13. h4 f5 14.
gxf5 gxf5 15. O-O-O Nf6 16. h5 Rg8 17. exf5 cxd5 18. cxd5 Qd7 19. Bg5 h6 20. Bxf6 Bxf6 21. Nde4 Bg5+ 22. Kb1 Nxe4 23. Nxe4 Qd8 24. Bg4 Be7 25. f3 Rf8 26. Rhg1 Bxf5 27. Bxf5 Rxf5 28. Nxd6 Rf4 29. Nf5 Bg5 30. Ng3 Rc8 31. Qd3 Rd4 32. Qg6 Rxd1+ 33. Rxd1 Qc7 34. a3 a4 35. d6 Qd7 36.
Qf5 Qd8 37. d7 Rc6 38. Qxe5+ Bf6 39. Qe8+ Kg7 40. Qg6+ Kf8 41. Qxh6+ Ke7 42. Nf5+ Ke6 43. Nd4+ Kd6 44. Qxf6+ Qxf6 45. d8=Q+ Qxd8 46. Nxc6+ Kxc6 47. Rxd8 1-0

[Event "Early-Titled-Tuesday-Blitz-January-30-2024"]
[Site "Chess.com"]
[Date "2024.01.30"]
[Round "1"]
[White "DeArron_Fox"]
[Black "RobertoJBM"]
[Result "0-1"]
[WhiteElo "2463"]
[BlackElo "2822"]
[TimeControl "180+1"]
[EndTime "8:07:28 PST"]
[Termination "RobertoJBM won on time"]

1. d4 d5 2. c4 c6 3. Nc3 Nf6 4.
e3 a6 5. Nf3 Bf5 6. Be2 h6 7.
O-O e6 8. a4 a5 9. Qb3 Ra7 10.
Ne5 Be7 11. Bd2 O-O 12. f4 Ne4 13. Nxe4 Bxe4 14. Bd3 Bxd3 15. Qxd3 Nd7 16. Qe2 Nf6 17. Rf3 Ne4 18. Raf1 f6 19. Ng6 Rf7 20. Be1 f5 21.
Ne5 Rf8 22. g4 Bd6 23. Kh1 Qe8 24. Rg1 Bxe5 25. fxe5 b6 26. gxf5 Rxf5 27. Rxf5 exf5 28. cxd5 cxd5 29. Bh4 Kh7 30. Qf3 Qe6 31. Rf1 Rf7 32. Be1 g5 33. b4 axb4 34. Bxb4 Kg6 35. Qe2 Rc7 36. a5 bxa5 37. Bxa5 Rc4 38. Rg1 Qc6 39.
Bb4 Rxb4 40. h4 Rb7 41. hxg5 hxg5 42. Kg2 Rh7 0-1

[Event "Early-Titled-Tuesday-Blitz-January-30-2024"]
[Site "Chess.com"]
[Date "2024.01.30"]
[Round "1"]
[White "esrosenberg"]
[Black "hasagoodchesser"]
[Result "0-1"]
[WhiteElo "2404"]
[BlackElo "2738"]
[TimeControl "180+1"]
[EndTime "8:07:29 PST"]
[Termination "hasagoodchesser won by resignation"]

1. c4 Nf6 2. Nf3 c6 3. g3 d5 4. Bg2 Bg4 5. O-O e6 6. Qb3 Qb6 7. d3 Nbd7 8. Be3 Qxb3 9. axb3 Bc5 10. Bxc5 Nxc5 11. b4 Nb3 12. Ra3 Bxf3 13. Bxf3 Nd4 14. Nc3 Ke7 15. Bg2 a6 16. e3 Nc2 17. Rb3 d4 18. Nd1 Rhd8 19. b5 Na1 20. Ra3 axb5 21. cxb5 cxb5 22. Rxa8 Rxa8 23. Bxb7 Ra7 24. Bf3 Nc2 25.
exd4 Nxd4 26. Bg2 Ra2 27. h3 Nd7 28. Nc3 Rxb2 29. Rb1 Rxb1+ 30. Nxb1 Nc5 31. Bf1 b4 32. f4 Kd6 33. Kf2 e5 34. Ke3 f6 35. fxe5+ fxe5 36.
Nd2 b3 37. Nc4+ Ke6 38. Kd2 Nf5 39. g4 Nd4 40. Bg2 Na4 41. Kc1 Kf6 42. Be4 h6 43. Nb2 Nxb2 44. Kxb2 Kg5 45. Bd5 Kh4 46. Bxb3 Nxb3 47. Kxb3 Kxh3 48. Kc4 Kxg4 49. Kd5 Kf4 0-1